 Dungeon Crawl Stone Soup version 0.29.1-12-g30fa7ad0bf (webtiles) character file.

Game seed: 13249040749960521756

61 hitthewallwitha the Conjurer (level 3, -6/26 HPs)
             Began as a Draconian Conjurer on Dec 21, 2022.
             Mangled by a gnoll
             ... wielding a +0 halberd
              (7 damage)
             ... on level 2 of the Dungeon.
             The game lasted 00:16:13 (3009 turns).

hitthewallwitha the Conjurer (Draconian Conjurer)   Turns: 3009, Time: 00:16:14

Health: -6/26      AC:  6    Str:  9    XL:     3   Next: 83%
Magic:  0/6        EV: 12    Int: 20    God:
Gold:   80         SH:  0    Dex:  9    Spells: 5/6 levels left

rFire   . . .      SeeInvis .   o - +2 spear (vamp)
rCold   . . .      Faith    .   (no shield)
rNeg    . . .      Spirit   +   (body armour unavailable)
rPois   .          Reflect  .   (helmet restricted)
rElec   .          Harm     .   (no cloak)
rCorr   .          Rampage  .   (no gloves)
Will    .....                   s - +0 pair of boots
Stlth   ++........              i - amulet of guardian spirit
HPRegen 0.08/turn               n - +4 ring of slaying
MPRegen 0.10/turn               (no ring)

@: very slightly contaminated
A: AC +5, unfitting armour, cold-blooded
a: no special abilities


You were on level 2 of the Dungeon.
You visited 1 branch of the dungeon, and saw 2 of its levels.

You collected 80 gold pieces.

Inventory:

Hand Weapons
 d - a +0 dagger
 f - a +0 whip
 j - a +0 sling
 o - a +2 vampiric spear (weapon)
Missiles
 g - 5 stones
 l - 2 throwing nets
 w - 4 javelins
Armour
 m - a +0 barding
 s - a +0 pair of boots (worn)
 x - a +0 plate armour
Jewellery
 i - an amulet of guardian spirit (around neck)
 n - a +4 ring of slaying (left hand)
 y - an amulet of guardian spirit
Scrolls
 c - a scroll of magic mapping
 h - a scroll of immolation
 q - a scroll of torment {unknown}
 r - a scroll of amnesia {unknown}
 t - a scroll of enchant armour {unknown}
 u - a scroll of poison {unknown}
 v - a scroll of teleportation {unknown}
Potions
 a - a potion of magic
 e - a potion of haste {unknown}
 k - a potion of lignification {unknown}
 p - a potion of curing {unknown}


   Skills:
 + Level 0.2 Fighting
 + Level 2.0 Dodging
 + Level 2.1 Stealth
 + Level 0.7 Unarmed Combat
 + Level 2.3 Spellcasting
 + Level 4.8 Conjurations


You had 5 spell levels left.
You knew the following spells:

 Your Spells              Type           Power      Damage    Failure   Level
a - Magic Dart            Conj           84%        1d7       1%          1

Your spell library contained the following spells:

 Spells                   Type           Power      Damage    Failure   Level
 Searing Ray              Conj           42%        2d6       3%          2
 Dazzling Flash           Conj/Hex       24%        N/A       17%         3
 Fulminant Prism          Conj/Hex       6%         3d7       50%         4
 Iskenderun's Mystic Bla  Conj/Tloc      12%        2d5       50%         4


Dungeon Overview and Level Annotations

Branches:
Dungeon (2/15)

Altars:
The Shining One


Innate Abilities, Weirdness & Mutations

Your plain brown scales are hard. (AC +5)
You cannot fit into any form of body armour.
You are cold-blooded and may be slowed by cold attacks.


Message History

The gnoll barely misses you.
You hit the gnoll but do no damage.
The gnoll is moderately wounded.
The gnoll hits you but does no damage.
You barely miss the gnoll.
Your tail-slap misses the gnoll.
The gnoll is moderately wounded.
The gnoll closely misses you. The gnoll barely misses you.
You puncture the gnoll!
The gnoll is severely wounded.
The gnoll closely misses you.
The gnoll hits you from afar with a +0 halberd! x2
The gnoll misses you.
You puncture the gnoll!
You feel better.
You kill the gnoll!
The gnoll closely misses you.
Casting: Magic Dart (safe; 1% risk of failure)
Confirm with . or Enter, or press ? or * to list all spells.
Aiming: Magic Dart (safe; 1% risk of failure)
Press: ? - help, Shift-Dir - straight line, f - gnoll
Aim: a gnoll, wielding a +0 halberd (100% to hit)
The magic dart hits the gnoll.
The gnoll is moderately wounded.
The gnoll closely misses you.
Casting: Magic Dart (safe; 1% risk of failure)
Confirm with . or Enter, or press ? or * to list all spells.
You don't have enough magic to cast this spell.
Casting: Magic Dart (safe; 1% risk of failure)
Confirm with . or Enter, or press ? or * to list all spells.
Aiming: Magic Dart (safe; 1% risk of failure)
Press: ? - help, Shift-Dir - straight line, f/p - gnoll
Aim: a gnoll, wielding a +0 halberd (moderately wounded, 100% to hit)
You miscast Magic Dart.
You are very lightly contaminated with residual magic.
Nothing appears to happen.
The gnoll hits you from afar with a +0 halberd.
* * * LOW HITPOINT WARNING * * *
The gnoll hits you from afar with a +0 halberd!
* * * LOW HITPOINT WARNING * * *
The gnoll hits you from afar with a +0 halberd!
You die...

#†..............# #......
#...............# #......
#...............#######......
#...............'............
#...............########'####
#....##g...#......# #.#
##....##...g#.####.# #.#
...........g.....#.######.##
..............@...†........>#
.##....##....#.##.#.######..#
#.... #....#.##.#.........#
#... #....#.##.#########.#
..... #....#.##.# ........#
.... #....#.##.# #######.#
.... ####.#.##.# #.# #.#.##.#
#.# #.###


You could see 3 gnolls.

Vanquished Creatures
  A gnoll (D:2)
  An adder (D:2)
  A dart slug (D:1)
  6 bats
  3 endoplasms
  A giant cockroach (D:1)
  4 goblins
  2 hobgoblins (D:1)
  3 quokkas
  3 ball pythons (D:1)
  7 frilled lizards
  3 kobolds
  5 rats
40 creatures vanquished.

Notes
Turn   | Place    | Note
-------+----------+-------------------------------------------
     0 | D:1      | hitthewallwitha the Draconian Conjurer began the quest for
                  | the Orb.
     0 | D:1      | Reached XP level 1. HP: 14/14 MP: 3/3
   445 | D:1      | Reached XP level 2. HP: 16/20 MP: 0/5
  2236 | D:1      | Reached XP level 3. HP: 26/26 MP: 3/6
  2884 | D:2      | Found a glowing golden altar of the Shining One.
  3008 | D:2      | HP: 1/26 [gnoll/+0 halberd (6)]
  3009 | D:2      | Mangled by a gnoll

Illustrated notes

Levels and vault maps discovered:
D:1:      nicolae_arrival_memento_mori, layout_basic, st_stairs_2, minivault_26,
          corexii_corridor_pit, amcnicky_mini_pool_small
D:2:      layout_basic, basic_altar, serial_park_tiny_1

Skill      XL: |  1  2  3 |
---------------+----------+-----
Dodging        | 2 |  2.0
Stealth        | 2 |  2.1
Fighting       | |  0.2
Unarmed Combat | |  0.7
Spellcasting   | |  2.3
Conjurations   | |  4.8

Action                   || total
-------------------------++-------
Melee: Unarmed           ||    26
       Dagger            ||    10
       Tailslap          ||     5
       Spear             ||    11
 Cast: Magic Dart        ||    57
  Use: Scroll            ||     2
Armor: Skin              ||    16
Dodge: Dodged            ||    39
